 Dungeon Crawl Stone Soup version 0.16.1-2-g95b8d4c (webtiles) character file.

130 Riddley the Covered (level 5, 0/41 HPs)
             Began as a Human Fighter on Mar 25, 2015.
             Killed by nerve-wracking pain
             ... invoked by a shadow imp
             ... summoned by Natasha
              (13 damage)
             ... on level 3 of the Dungeon.
             The game lasted 00:05:02 (2173 turns).

Riddley the Covered (Human Fighter)                 Turns: 2173, Time: 00:05:02

Health: 0/41       AC:  8    Str: 16    XL:     5   Next: 36%
Magic:  5/5        EV:  7    Int:  9    God:
Gold:   155        SH:  9    Dex: 13    Spells: 0 memorised, 4 levels left

rFire  . . .     SeeInvis .     a - +0 long sword
rCold  . . .     Clarity  .     b - +0 scale mail
rNeg   . . .     SustAb   .     c - +0 shield
rPois  .         Gourm    .     r - +0 helmet
rElec  .         Spirit   .     (no cloak)
rCorr  .         Warding  .     (no gloves)
rMut   .         Stasis   .     (no boots)
MR     .....                    (no amulet)
Stlth  ..........               (no ring)
                                (no ring)

@: slowed, very slow, not resistant to hostile enchantments, extremely
unstealthy
A: no striking features
a: no special abilities


You were on level 3 of the Dungeon.
You were not hungry.

You visited 1 branch of the dungeon, and saw 3 of its levels.

You collected 155 gold pieces.

Inventory:

Hand weapons
 a - a +0 long sword (weapon)
 g - a cursed -1 hunting sling
 n - a +0 arbalest
Missiles
 j - 2 needles of sleeping
Armour
 b - a +0 scale mail (worn)
 c - a +0 shield (worn)
 r - a +0 helmet (worn)
Jewellery
 s - a cursed -3 ring of evasion {unknown}
Magical devices
 k - a wand of confusion (30)
Scrolls
 e - 2 scrolls of identify
 h - 5 scrolls of teleportation
 i - 3 scrolls of remove curse
 o - a scroll of random uselessness
Potions
 p - a potion of ambrosia {unknown}
Comestibles
 d - a bread ration
 f - a royal jelly
 l - a chunk of flesh
 m - a meat ration
 q - 5 fruits


   Skills:
 + Level 3.5 Fighting
 * Level 3.0 Long Blades
 + Level 3.8 Armour
 + Level 1.5 Dodging
 + Level 3.6 Shields


You had 4 spell levels left.
You didn't know any spells.

Dungeon Overview and Level Annotations

Branches:
Dungeon (3/15)

Altars:

Annotations:
D:3 Natasha


Message History

The crimson imp hits you but does no damage.
Your shield and scale mail prevent you from hitting Natasha.
Natasha is almost dead.
The white imp gestures at you. The puff of frost hits you!
Natasha stares at you and mumbles some strange words.
The magic dart hits you! You block the crimson imp's attack.
Your shield and scale mail prevent you from hitting Natasha.
Natasha is almost dead.
You block the white imp's attack. Natasha barely misses you.
The crimson imp barely misses you. The shadow imp closely misses you.
You hit Natasha but do no damage.
Natasha is almost dead.
The white imp gestures at you. The puff of frost hits you!
Natasha casts a spell at you.
You feel yourself slow down. The crimson imp barely misses you.
The shadow imp gestures at you. Pain shoots through your body!
You die...

### ####### ..# #.#
#####.# $....# #...#
#..$################
+...5...............
#.5@###.############
#.5h# #.# #...# #.#
#...# #.# ##### #.#
#.# #+#


You could see Natasha, a crimson imp, a white imp and a shadow imp.

Vanquished Creatures
  Ijyb (D:2)
  Jessica (D:2)
  3 adders (D:2)
  4 giant cockroaches
  11 goblins
  6 hobgoblins
  12 jackals
  2 oozes
  2 quokkas
  6 bats
  4 giant newts (D:2)
  6 kobolds
  9 rats
67 creatures vanquished.

Notes
Turn   | Place    | Note
--------------------------------------------------------------
     0 | D:1      | Riddley, the Human Fighter, began the quest for the Orb.
     0 | D:1      | Reached XP level 1. HP: 18/18 MP: 1/1
   121 | D:1      | Reached XP level 2. HP: 20/24 MP: 2/2
   534 | D:1      | Reached XP level 3. HP: 27/29 MP: 3/3
   914 | D:2      | Noticed Jessica
   920 | D:2      | Killed Jessica
   929 | D:2      | Reached XP level 4. HP: 31/35 MP: 4/4
  1060 | D:1      | Reached skill level 1 in Dodging
  1417 | D:2      | Noticed Ijyb
  1449 | D:2      | Killed Ijyb
  1449 | D:2      | Reached XP level 5. HP: 39/41 MP: 5/5
  2159 | D:3      | Noticed Natasha
  2173 | D:3      | Killed from afar by a shadow imp

Action                   |  1- 3 |  4- 6 || total
-------------------------+-------+-------++-------
Melee: Long sword        |    76 |   193 ||   269
Evoke: Wand              |       |     2 ||     2
  Use: Potion            |       |     1 ||     1
       Scroll            |       |     4 ||     4
  Eat: Chunk             |       |     5 ||     5
